 Dungeon Crawl Stone Soup version 0.29.1-2-gbd0b4ee654 (webtiles) character file.

Game seed: 991039172931710598

171 Descartes the Magician (level 5, -3/24 HPs)
             Began as a Spriggan Venom Mage on Nov 3, 2022.
             Slain by a bullfrog (5 damage)
             ... in a sewer.
             The game lasted 00:13:15 (3137 turns).

Descartes the Magician (Spriggan Venom Mage)        Turns: 3137, Time: 00:13:15

Health: -3/24      AC:  2    Str:  4    XL:     5   Next: 26%
Magic:  8/13       EV: 17    Int: 19    God:
Gold:   71         SH:  0    Dex: 15    Spells: 6/14 levels left

rFire   . . .      SeeInvis +   m - +1 short sword (speed)
rCold   . . .      Faith    .   (no shield)
rNeg    . . .      Spirit   .   a - +0 robe
rPois   .          Reflect  .   (helmet restricted)
rElec   .          Harm     .   (no cloak)
rCorr   .          Rampage  .   (gloves unavailable)
Will    .....                   (boots unavailable)
Stlth   +.........              (no amulet)
HPRegen 0.08/turn               (no ring)
MPRegen 0.13/turn               (no ring)

@: lethally poisoned (-3 -> -4), very slightly contaminated, slow
A: very small, no large weapons, unfitting armour, see invisible, speed 3
a: no special abilities


You were in a sewer.
You visited 1 branch of the dungeon, and saw 3 of its levels.
You also visited: Sewer.

You collected 71 gold pieces.

Inventory:

Hand Weapons
 e - a +0 dagger
 m - a +1 short sword of speed (weapon)
Missiles
 l - 8 poisoned darts
 n - 7 stones
Armour
 a - a +0 robe (worn)
Scrolls
 d - 3 scrolls of enchant armour {unknown}
 f - 2 scrolls of teleportation {unknown}
 g - a scroll of enchant weapon {unknown}
 h - 5 scrolls of identify {unknown}
 o - a scroll of poison {unknown}
Potions
 b - a potion of magic
 c - 2 potions of invisibility {unknown}
 i - 2 potions of heal wounds
 j - 2 potions of brilliance {unknown}
 k - a potion of degeneration {unknown}
 p - a potion of ambrosia {unknown}


   Skills:
 - Level 2.6 Dodging
 - Level 3.0 Stealth
 + Level 5.1 Spellcasting
 - Level 1.3 Transmutations
 + Level 4.7 Poison Magic


You had 6 spell levels left.
You knew the following spells:

 Your Spells              Type           Power      Damage    Failure   Level
a - Sting                 Tmut/Pois      64%        1d6       3%          1
b - Olgreb's Toxic Radia  Pois           22%        N/A       17%         4
c - Mephitic Cloud        Conj/Pois/Air  10%        N/A       19%         3

Your spell library contained the following spells:

 Spells                   Type           Power      Damage    Failure   Level
 Poisonous Vapours        Pois/Air       26%        N/A       7%          2


Dungeon Overview and Level Annotations

Branches:
Dungeon (4/15)              Sewer (1/1)
 Temple: D:4-7

Altars:

Shops:
D:2 =


Innate Abilities, Weirdness & Mutations

You are very small and have problems with some larger weapons.
You are too small for most types of armour.
You have supernaturally acute eyesight. (SInv)
You cover ground extremely quickly. (Speed+++)


Message History

The bullfrog misses you. The bullfrog hits you.
Casting: Sting (safe; 3% risk of failure)
Confirm with . or Enter, or press ? or * to list all spells.
Aiming: Sting (safe; 3% risk of failure)
Press: ? - help, Shift-Dir - straight line, f/p - bullfrog
Aim: a bullfrog (67% to hit)
The sting hits the bullfrog.
The bullfrog is poisoned.
The bullfrog is moderately wounded.
The bullfrog hits you.
* * * LOW HITPOINT WARNING * * *
The bullfrog completely misses you. The bullfrog closely misses you.
It was a potion of heal wounds.
You feel much better.
The bullfrog hits you but does no damage.
The bullfrog hits you. The bullfrog completely misses you.
Casting: Sting (safe; 3% risk of failure)
Confirm with . or Enter, or press ? or * to list all spells.
Aiming: Sting (safe; 3% risk of failure)
Press: ? - help, Shift-Dir - straight line, f/p - bullfrog
Aim: a bullfrog (moderately wounded, poisoned, 67% to hit)
Okay, then.
Casting: Sting (safe; 3% risk of failure)
Confirm with . or Enter, or press ? or * to list all spells.
The spell is astonishingly dangerous to miscast (17% risk of failure)!
Continue anyway?
You miscast Olgreb's Toxic Radiance.
You are very lightly contaminated with residual magic.
You feel rather nauseous for a moment.
You are poisoned.
You feel sick. The bullfrog closely misses you. The bullfrog misses you.
The bullfrog barely misses you.
You enter the shallow water.
Moving in this stuff is going to be slow.
You feel sick. The bullfrog attacks as you move away! The bullfrog hits you.
* * * LOW HITPOINT WARNING * * *
x2 You feel sick.
The bullfrog looks more healthy.
The bullfrog misses you. x2
The bullfrog barely misses you. The bullfrog attacks as you move away!
The bullfrog barely misses you.
* * * LOW HITPOINT WARNING * * *
You feel sick. The bullfrog hits you.
You die...

#~~~##~~~## ≈≈~....~~≈##~~~##.
#.~~#~.~~# ~~..??$.~~≈#~~~~#~
#~~.#~~.~# ~.~~.}$?.~~#~.~~#~
#~~~#~~~.# ~.~~~~$~~~.#~~.~#~
#~~.##~~.## ≈.~F~~~.~~~#~~.##~
#~~~.#.~~†##≈≈~~.~~~.†~#~~.#~~
##.†~##.~~.###≈≈~~~#†.##~~##~~
#~~~~##~~.~~#######.~#.†##~~.
##.~~~###.~~@FF.~..~##~~#~~..
##.~~~~####~~~~.~..#~~~~~~~#
##~~~~~~~#~∩~#######.~~####
#####..÷~#####~~~~~#.~##
#∩~~####~~~~~~.÷~~~####
##~..†~#########~~.#
###.∩†..~~~~~~~.~~#
#####.~†~÷.~~~~~#
#############


You could see 2 bullfrogs.

Vanquished Creatures
  A scorpion (D:4)
  An adder (Sewer)
  2 worms
  An orc (D:4)
  14 endoplasms
  13 giant cockroaches
  4 goblins
  5 hobgoblins
  7 kobolds
  11 quokkas
  10 ball pythons
  4 bats
  8 frilled lizards
  5 rats
86 creatures vanquished.

Notes
Turn   | Place    | Note
-------+----------+-------------------------------------------
     0 | D:1      | Descartes the Spriggan Venom Mage began the quest for the
                  | Orb.
     0 | D:1      | Reached XP level 1. HP: 9/9 MP: 5/5
   151 | D:1      | Reached skill level 3 in Spellcasting
   258 | D:1      | Reached XP level 2. HP: 13/13 MP: 4/7
   472 | D:1      | Found a faded altar of an unknown god.
  1196 | D:1      | Reached XP level 3. HP: 16/16 MP: 5/9
  1350 | D:2      | Found Bopp's Jewellery Emporium.
  1792 | D:2      | Reached skill level 4 in Spellcasting
  1982 | D:2      | You fall into a shaft and drop 2 floors!
  1990 | D:4      | Noticed a scorpion
  2014 | D:4      | Killed a scorpion
  2015 | D:4      | Reached XP level 4. HP: 15/21 MP: 3/11
  2022 | D:4      | Learned a level 4 spell: Olgreb's Toxic Radiance
  2090 | D:4      | Found a glowing drain.
  2186 | D:4      | Learned a level 3 spell: Mephitic Cloud
  2190 | Sewer    | Entered a sewer
  2379 | Sewer    | Reached XP level 5. HP: 16/24 MP: 4/13
  2636 | Sewer    | Reached skill level 5 in Spellcasting
  3137 | Sewer    | Slain by a bullfrog

Illustrated notes

Levels and vault maps discovered:
D:1:      spicycebolla_green_bress_n_ham, layout_basic,
          chequers_ecumenical_altar_twisty
D:2:      layout_basic, serial_shops, nicolae_shop_crystal
D:4:      layout_cave_pools, general_overflow_altar, lemuel_crystal_altar,
          gup_sewer_entry_pipe, dreamdust_mushroom_princess, minmay_mini_ossuary
Sewer:    sewer_frog_island_02

Skill      XL: |  1  2  3  4  5 |
---------------+----------------+-----
Spellcasting   | 3 4 5 |  5.1
Poison Magic   | 4 |  4.7
Dodging        | |  2.6
Stealth        | |  3.0
Transmutations | |  1.3

Action                   |  1- 3 |  4- 6 || total
-------------------------+-------+-------++-------
Melee: Dagger            |     1 |       ||     1
       Short sword       |       |    14 ||    14
 Cast: Sting             |    78 |    80 ||   158
  Use: Potion            |       |     1 ||     1
Armor: Robe              |     3 |     4 ||     7
Dodge: Dodged            |    14 |    34 ||    48
